 Dungeon Crawl Stone Soup version 0.31-a0-865-g3d5d91748a (webtiles) character file.

Game seed: 4190172679389551524

406925 arthad the Warrior (level 23, 0/107 HPs)
             Began as a Vine Stalker Berserker on Oct 11, 2023.
             Was the Champion of Trog.
             Slain by an azure jelly (7 damage)
             ... while paralysed by a floating eye
             ... on level 3 of the Pits of Slime.
             The game lasted 01:44:18 (38079 turns).

arthad the Warrior (Vine Stalker Berserker)        Turns: 38079, Time: 01:44:19

Health: 0/107      AC: 15    Str: 33    XL:     23   Next: 42%
Magic:  0/29       EV:  2    Int:  5    God:    Trog [******]
Gold:   1955       SH:  0    Dex: 37    Spells: 22/22 levels left

rFire   + + .        a - +9 broad axe (flame)
rCold   + + .        Q - +9 tower shield "Doell" {Str+2}
rNeg    + + .        o - +5 moon troll leather armour {Spirit, Regen++ MP+5}
rPois   +            m - +1 helmet "Raikhat" {Rampage Fly Dex+4}
rElec   .            U - scarf of Inyungal {+Inv, -Cast Rampage Dex+7 Slay+5}
rCorr   +            G - +0 pair of gloves of Hide-and-Seek {rPois rN+ Str+3}
SInv    +            n - +2 pair of boots
Will    ++++.        j - amulet of Ingunat {Reflect rF+ Dex+3 SH+5}
Stlth   ++++++       q - ring "Plog" {rPois rC++ rN+ Str-2 Dex+4}
HPRegen 3.77/turn    L - ring "Miludoul" {Contam rF+ rCorr Dex+6 SInv}
MPRegen 0.21/turn

%: no spellcasting, random rage (3%), reflection, guardian spirit, rampage
@: paralysed, strong-willed, flying, regenerating
A: fangs 3, regeneration 1, magic shield, antimagic bite, no potion heal 2,
berserk 1, clumsy 1, deformed body, dopey 1, frail 2
}: 2/15 runes: serpentine, barnacled
a: Renounce Religion, Evoke Invisibility, Berserk, Trog's Hand, Brothers in Arms


You were on level 3 of the Pits of Slime.
You worshipped Trog.
Trog was exalted by your worship.
You visited 8 branches of the dungeon, and saw 41 of its levels.
You visited the Abyss 1 time.
You also visited: Trove, Sewer, Gauntlet and Ice Cave.

You collected 4864 gold pieces.
You spent 2909 gold pieces at shops.

Inventory:

Hand Weapons
 a - a +9 broad axe of flaming (weapon)
 r - a +8 broad axe of flaming
Missiles
 h - 6 atropa-tipped darts
 v - 25 poisoned darts (quivered)
 y - 11 javelins
 B - 12 curare-tipped darts
 D - 20 silver javelins
 F - 38 boomerangs
 X - 5 throwing nets
Armour
 m - the +1 helmet "Raikhat" (worn) {Rampage Fly Dex+4}
   (You acquired it on level 4 of the Snake Pit)

   Dex+4:     It affects your dexterity (+4).
   Fly:       It grants you flight.
   Rampage:   It bestows one free step when moving towards enemies.
 n - a +2 pair of boots (worn)
 o - the +5 moon troll leather armour (worn) {Spirit, Regen++ MP+5}
   (You found it on level 2 of the Dungeon)

   MP+5:      It affects your magic capacity (+5).
   Regen++:   It increases your rate of health regeneration.
 G - the +0 pair of gloves of Hide-and-Seek (worn) {rPois rN+ Str+3}
   (You found it on level 4 of the Shoals)

   Str+3:     It affects your strength (+3).
   rPois:     It protects you from poison rN+: It protects you from negative
   energy.
 Q - the +9 tower shield "Doell" (worn) {Str+2}
   (You took it off a minotaur in a Gauntlet)

   Str+2:     It affects your strength (+2).
 U - the scarf of Inyungal (worn) {+Inv, -Cast Rampage Dex+7 Slay+5}
   (You bought it in a shop on level 2 of the Orcish Mines)

   Dex+7:     It affects your dexterity (+7).
   Slay+5:    It affects your accuracy & damage with ranged weapons and melee
   (+5).
   -Cast:     It prevents spellcasting.
   Rampage:   It bestows one free step when moving towards enemies.
Jewellery
 j - the amulet of Ingunat (around neck) {Reflect rF+ Dex+3 SH+5}
   (You bought it in a shop on level 3 of the Shoals)

   [amulet of reflection]

   Reflect:   It reflects blocked missile attacks.
   Dex+3:     It affects your dexterity (+3).
   rF+:       It protects you from fire.
   SH+5:      It affects your SH (+5).
 q - the ring "Plog" (left hand) {rPois rC++ rN+ Str-2 Dex+4}
   (You found it in a treasure trove)

   [ring of positive energy]

   Str-2:     It affects your strength (-2).
   Dex+4:     It affects your dexterity (+4).
   rC++:      It greatly protects you from cold.
   rPois:     It protects you from poison rN+: It protects you from negative
   energy.
 t - the ring "Yzegyfil" {rN+ Will+ EV+5}
   (You found it in a treasure trove)

   [ring of evasion]

   EV+5:      It affects your evasion (+5).
   rN+:       It protects you from negative energy.
   Will+:     It increases your willpower.
 I - the dreamshard necklace {Acrobat *Dream}
   (You found it in a treasure trove)

   [amulet of the acrobat]

   *Dream:    It absorbs a single lethal wound into itself, holding its wearer
   just short of death and releasing dream-creatures to guard them.
   Acrobat:   It increases your evasion while moving and waiting.
 L - the ring "Miludoul" (right hand) {Contam rF+ rCorr Dex+6 SInv}
   (You bought it in a shop on level 2 of the Orcish Mines)

   [ring of see invisible]

   Dex+6:     It affects your dexterity (+6).
   rF+:       It protects you from fire.
   SInv:      It lets you see invisible.
   Contam:    It causes magical contamination when unequipped.
   rCorr:     It protects you from acid and corrosion.
 Y - the ring of Jech {rElec rC+ Will- Str-4 Dex+9}
   (You found it in a treasure trove)

   [ring of protection from cold]

   Str-4:     It affects your strength (-4).
   Dex+9:     It affects your dexterity (+9).
   rC+:       It protects you from cold.
   rElec:     It insulates you from electricity.
   Will-:     It decreases your willpower.
Wands
 s - a wand of digging (25)
 w - a wand of acid (11)
 x - a wand of mindburst (37)
 E - a wand of iceblast (25)
 K - a wand of paralysis (35)
 Z - a wand of flame (28)
Scrolls
 b - 3 scrolls of fear
 c - 3 scrolls of enchant armour
 d - 17 scrolls of teleportation
 u - 7 scrolls of fog
 A - 2 scrolls of blinking
 H - 5 scrolls of poison
 M - 5 scrolls of revelation
 S - 2 scrolls of vulnerability
 V - 5 scrolls of immolation
Potions
 e - 4 potions of enlightenment
 f - 6 potions of resistance
 g - 5 potions of magic
 k - 17 potions of curing
 l - 6 potions of haste
 z - 4 potions of cancellation
 C - 8 potions of mutation
 J - 7 potions of might
 N - 5 potions of lignification
 T - 3 potions of invisibility
 W - 2 potions of berserk rage
Miscellaneous
 i - a lightning rod (4/4)
 p - a phantom mirror
 O - a box of beasts
 P - a phial of floods
 R - a tin of tremorstones (1/2)


   Skills:
 * Level 18.6 Fighting
 * Level 18.5 Axes
 - Level 15.0 Throwing
 + Level 12.4 Armour
 + Level 12.4 Dodging
 - Level 11.0 Stealth
 * Level 18.2 Shields
 - Level 6.0 Evocations


You had 22 spell levels left.
You didn't know any spells.
Your spell library contained the following spells:

 Spells                   Type           Power      Damage    Failure   Level
 Kiss of Death            Conj/Necr      0%         2d5       67%         1
 Magic Dart               Conj           0%         1d3       67%         1
 Sting                    Tmut/Pois      0%         1d3       67%         1
 Blink                    Tloc           0%         N/A       80%         2
 Ensorcelled Hibernation  Hex/Ice        0%         N/A       80%         2
 Jinxbite                 Hex            0%         N/A       80%         2
 Lesser Beckoning         Tloc           0%         N/A       80%         2
 Momentum Strike          Conj/Tloc      0%         3d8       80%         2
 Scorch                   Fire           0%         2d5       80%         2
 Searing Ray              Conj           0%         2d4       80%         2
 Static Discharge         Conj/Air       0%         2-2/arc   80%         2
 Sublimation of Blood     Necr           0%         N/A       80%         2
 Wereblood                Tmut           0%         N/A       80%         2
 Call Canine Familiar     Summ           0%         N/A       95%         3
 Confusing Touch          Hex            0%         N/A       95%         3
 Dazzling Flash           Conj/Hex       0%         N/A       95%         3
 Gell's Gravitas          Tloc           0%         N/A       95%         3
 Hailstorm                Conj/Ice       0%         3d3       95%         3
 Ignite Poison            Fire/Tmut/Pois 0%         N/A       95%         3
 Inner Flame              Hex/Fire       0%         N/A       95%         3
 Sigil of Binding         Hex            0%         N/A       95%         3
 Teleport Other           Tloc           0%         N/A       95%         3
 Tukima's Dance           Hex            0%         N/A       95%         3
 Volatile Blastmotes      Fire/Tloc      0%         2d10      95%         3
 Airstrike                Air            0%         2d(0-16)  100%        4
 Anguish                  Hex/Necr       0%         N/A       100%        4
 Animate Dead             Necr           0%         N/A       100%        4
 Cause Fear               Hex            0%         N/A       100%        4
 Dimensional Bullseye     Hex/Tloc       0%         N/A       100%        4
 Dispel Undead            Necr           0%         3d6       100%        4
 Flame Wave               Conj/Fire      0%         2d4       100%        4
 Fulminant Prism          Conj/Hex       0%         3d5       100%        4
 Iskenderun's Mystic Bla  Conj/Tloc      0%         2d3       100%        4
 Leda's Liquefaction      Hex/Erth       0%         N/A       100%        4
 Manifold Assault         Tloc           0%         N/A       100%        4
 Passage of Golubria      Tloc           0%         N/A       100%        4
 Petrify                  Tmut/Erth      0%         N/A       100%        4
 Sticky Flame             Conj/Fire      0%         2d3       100%        4
 Summon Ice Beast         Ice/Summ       0%         N/A       100%        4
 Summon Lightning Spire   Summ/Air       0%         N/A       100%        4
 Agony                    Necr           0%         N/A       100%        5
 Irradiate                Conj/Tmut      0%         3d11      100%        5
 Silence                  Hex/Air        0%         N/A       100%        5
 Summon Forest            Summ/Tloc      0%         N/A       100%        5
 Summon Mana Viper        Hex/Summ       0%         N/A       100%        5
 Dispersal                Tloc           0%         N/A       100%        6
 Simulacrum               Ice/Necr       0%         N/A       100%        6
 Starburst                Conj/Fire      0%         6d3       100%        6
 Summon Cactus Giant      Summ           0%         N/A       100%        6
 Haunt                    Necr/Summ      0%         N/A       100%        7
 Ozocubu's Refrigeration  Ice            0%         4d7       100%        7
 Summon Hydra             Summ           0%         N/A       100%        7
 Ignition                 Fire           0%         3d3       100%        8
 Infestation              Necr           0%         N/A       100%        8
 Lehudib's Crystal Spear  Conj/Erth      0%         10d2      100%        8
 Maxwell's Capacitive Co  Air            0%         ∞         100%        8
 Chain Lightning          Conj/Air       0%         N/A       100%        9
 Fire Storm               Conj/Fire      0%         5d1       100%        9
 Polar Vortex             Ice            0%         N/A       100%        9
 Shatter                  Erth           0%         3d5*      100%        9


Dungeon Overview and Level Annotations

Branches:
Dungeon (15/15)            Temple (0/1) D:4            Lair (5/5) D:8
 Shoals (4/4) Lair:2        Snake (4/4) Lair:3        Slime (3/5) Lair:4
    Orc (2/2) D:12            Elf (3/3) Orc:2        Vaults (5/5) D:13
  Crypt (0/3) Vaults:2     Depths (0/4) D:15          Sewer (visited)
  IceCv (visited)         Gauntlet (visited)

Altars:
Ashenzari
Cheibriados
Dithmenos
Gozag
Kikubaaqudgha
Makhleb
Nemelex Xobeh
Okawaru
Ru
Trog
Uskayaw
Wu Jian
Yredelemnul
Zin
Jiyva

Shops:
D:2 [   D:10 (   D:11 !   Orc:1 !   Orc:2 =:([   Elf:1 :?   Elf:3 ([!(
Shoals:2 [   Shoals:3 (:=(:   Snake:1 :(:   Vaults:1 !   Vaults:3 (

Annotations:
Elf:2 1 runed translucent door


Innate Abilities, Weirdness & Mutations

You have razor-sharp teeth.
Your natural rate of healing is unusually fast.
When hurt, damage is shared between your health and your magic reserves.
Your bite disrupts and absorbs the magic of your enemies.
Potions cannot restore your health.
You sometimes lose your temper in combat.
You are clumsy. (Dex -2)
Armour fits poorly on your strangely shaped body.
You are dopey. (Int -2)
You are very frail. (-20% HP)


Message History

You resist with almost no effort. The floating eye's view fixates on you.
The eye of devastation gazes at you. The bolt of energy hits you!
The azure jelly hits you. The azure jelly freezes you. You resist.
The azure jelly hits you but does no damage.
The azure jelly hits you. The azure jelly hits you!
The acid blob spits acid at you. The splash of acid hits you! You resist.
The golden eye blinks at you. You resist with almost no effort.
A rockslime comes into view.
The eye of devastation's magic is no longer disrupted.
The golden eye blinks at you. You resist with almost no effort.
The azure jelly hits you. The azure jelly freezes you! You resist.
The azure jelly hits you. The azure jelly freezes you. You resist.
The azure jelly hits you.
The azure jelly hits you but does no damage.
The acid blob hits you!
You are splashed with acid.
You resist. The acid blob spits acid at you. The splash of acid hits you!
You resist.
* * * LOW HITPOINT WARNING * * *
The floating eye gazes piercingly through you!
You shrug off the repeated paralysis!
The glowing orange brain pulsates.
The glowing orange brain radiates an aura of fear!
You resist with almost no effort.
The rockslime quivers.
The golden eye blinks at you. You resist with almost no effort.
The quicksilver ooze hits you!
* * * LOW HITPOINT WARNING * * *
The quicksilver ooze hits you.
* * * LOW HITPOINT WARNING * * *
You feel your power leaking away. The azure jelly hits you!
* * * LOW HITPOINT WARNING * * *
The azure jelly freezes you. You resist.
* * * LOW HITPOINT WARNING * * *
The azure jelly hits you!
You die...

..###........##
...#.......######
............#...#
.................
.................
...........#.....
.................
...#.....GG......
........J@JG.....
........JJG...G..
...........G.....
...........G.G...
..>..........G...
.........#.......
........##J.....
....... ......


You could see 2 acid blobs, an azure jelly, a rockslime, 4 shining eyes, an eye
of devastation, a glowing orange brain, a quicksilver ooze, 2 floating eyes and
a golden eye.

Vanquished Creatures
  Dissolution (Slime:2)
  A dread lich (Vaults:4)
  2 ancient liches
  Mara (Snake:3)
  A caustic shrike (shapeshifter) (Vaults:4)
  3 golden dragons
  Nikola (Snake:2)
  Norris (Elf:1)
  Jorgrun (Snake:1)
  A tentacled monstrosity (Vaults:4)
  2 deep elf blademasters (Elf:3)
  2 deep elf master archers (Elf:3)
  4 sphinxes (Vaults:4)
  4 titans
  A quicksilver dragon (Vaults:5)
  A kraken (Shoals:4)
  The ghost of howech the Warrior, an adept MiBe of Trog (Shoals:4)
  Donald (Snake:3)
  A tentacled starspawn (Abyss:2)
  Aizul (Snake:1)
  Kirke (D:13)
  2 shadow dragons
  A storm dragon (Vaults:3)
  Roxanne (Snake:1)
  4 nagarajas
  5 frost giants
  A draconian knight (Abyss:2)
  A fire giant (Vaults:2)
  15 vault wardens
  3 deep elf sorcerers (Elf:3)
  Louise (Snake:3)
  A ghost moth (Vaults:1)
  3 deep elf elementalists (Elf:3)
  20 ironbound preservers
  11 very ugly things
  2 orc warlords
  7 formless jellyfish
  6 stone giants
  Nessos (D:15)
  2 war gargoyles
  11 deep elf demonologists (Elf:3)
  7 ironbound thunderhulks
  7 deep elf annihilators (Elf:3)
  16 dire elephants
  A bunyip (Abyss:2)
  An eidolon (Vaults:2)
  A minotaur (Gauntlet)
  5 merfolk javelineers
  6 merfolk impalers
  Snorg (D:14)
  6 deep elf death magi (Elf:3)
  2 deep elf high priests
  10 great orbs of eyes
  Josephine (Lair:3)
  2 fire dragons (Lair:5)
  2 crystal guardians (Vaults:3)
  7 ettins
  4 entropy weavers
  3 rakshasas
  6 salamander tyrants
  5 hydras
  Erolcha (Orc:2)
  6 ogre magi
  14 yaktaur captains
  2 peacekeepers
  11 ironbound frosthearts
  17 anacondas
  32 vault guards
  Erica (D:8)
  3 centaur warriors
  7 alligator snapping turtles
  7 boulder beetles
  2 satyrs (Shoals:3)
  2 merfolk aquamancers
  11 naga warriors
  3 merfolk avatars
  3 death knights
  20 two-headed ogres
  A two-headed ogre (shapeshifter) (D:8)
  3 tengu warriors (D:15)
  A vampire mage (Vaults:2)
  11 naga sharpshooters
  An orc high priest (Elf:3)
  6 death yaks (IceCv)
  26 dancing weapons
  2 shock serpents
  A soul eater (Gauntlet)
  4 spriggan berserkers (Elf:3)
  Sonja (D:10)
  4 skeletal warriors
  14 deep elf knights
  2 sixfirhies
  7 salamander mystics
  2 wretched stars (Abyss:2)
  5 naga ritualists
  9 sea snakes
  4 skysharks
  27 deep trolls
  11 deep elf archers
  A glowing orange brain (Vaults:1)
  A swamp dragon (Lair:5)
  23 ironbound convokers
  8 phantasmal warriors
  11 lindwurms
  14 harpies
  6 wizards
  23 deep elf pyromancers
  6 mana vipers
  7 orc knights
  2 wolf spiders
  3 orc sorcerers
  23 deep elf zephyrmancers
  19 ugly things
  6 fauns
  The ghost of beavisfan the Scratcher, a novice FeCK of Xom (D:8)
  13 salamanders
  8 manticores
  Joseph (D:10)
  7 elephants
  4 cyclopes
  2 shining eyes (Slime:1)
  8 guardian serpents
  A worldbinder (Abyss:2)
  An ice statue (IceCv)
  17 vault sentinels
  29 black mambas
  5 water nymphs
  A rust devil (Abyss:2)
  A smoke demon (Abyss:2)
  6 torpor snails
  2 merfolk sirens (Shoals:4)
  10 naga magi
  A gargoyle (D:13)
  6 cane toads
  A kobold demonologist (D:13)
  An efreet (D:13)
  13 rime drakes
  A tormentor (Abyss:2)
  16 komodo dragons
  An ancient zyme (Abyss:2)
  5 freezing wraiths
  21 yaktaurs
  A tengu conjurer (D:15)
  2 trolls (D:11)
  30 merfolk
  A meliai (shapeshifter) (D:15)
  6 wind drakes
  9 polar bears
  A raiju (Abyss:2)
  23 blink frogs
  4 tyrant leeches (Lair:5)
  8 dream sheep
  6 snapping turtles
  9 hornets
  2 jumping spiders (Gauntlet)
  42 slime creatures
  A centaur simulacrum (D:15)
  A vampire (D:9)
  An air elemental (Elf:2)
  A shadow (D:12)
  8 water elementals
  A wyvern (Lair:3)
  37 yaks
  11 wraiths
  3 hogs (D:13)
  6 basilisks
  2 fire elementals
  Grum (D:11)
  3 vampire mosquitoes (D:12)
  A neqoxec (Abyss:2)
  A redback (Vaults:3)
  3 steam dragons (Lair:5)
  A redback simulacrum (D:15)
  Menkaure (D:5)
  4 large abominations (Abyss:2)
  34 nagas
  Edmund (D:5)
  4 wargs
  3 acid dragons
  15 water moccasins
  An elf simulacrum (Vaults:4)
  A swamp drake (Lair:5)
  A sky beast (D:6)
  6 ice beasts
  23 orc warriors
  2 black bears
  29 ogres
  22 wolves
  12 centaurs
  A phantom (D:7)
  8 kobold brigands
  10 bullfrogs
  5 gnoll sergeants
  6 small abominations (Abyss:2)
  5 earth elementals
  14 wights (D:9)
  The ghost of Age the Shooter, a weakling MiHu (D:4)
  3 killer bees (D:10)
  8 electric eels
  2 vampire bats
  4 howler monkeys
  A quasit (Abyss:2)
  20 orc priests
  2 jellies
  10 hounds
  5 iguanas
  2 iron imps (Abyss:2)
  4 hell rats (Lair:4)
  12 human skeletons (Vaults:4)
  3 sleepcaps
  17 orc wizards
  A bullfrog simulacrum (D:4)
  2 scorpion simulacra (D:4)
  Robin (D:3)
  32 gnolls
  10 adders
  A river rat (Sewer)
  4 shadow imps
  14 white imps
  5 ufetubi
  5 worms
  2 adder simulacra (D:4)
  3 dart slugs
  62 orcs
  7 ball pythons
  10 bats
  6 bat skeletons (D:6)
  A bat zombie (D:6)
  12 endoplasms
  5 giant cockroaches
  17 goblins
  10 hobgoblins
  6 quokkas
  4 frilled lizards
  29 kobolds
  A quokka simulacrum (D:4)
  9 rats
  A tentacle (Shoals:4)
1631 creatures vanquished.

Vanquished Creatures (others)
  Vashnia (Snake:2)
  A storm dragon (Vaults:5)
  A deep elf zephyrmancer (Elf:2)
  A salamander (Snake:2)
  A rime drake (Lair:5)
  A yaktaur (Vaults:5)
  A troll (Vaults:5)
  A human (D:13)
  2 orc warriors (Vaults:5)
  An orc priest (Vaults:5)
  2 orcs (Vaults:5)
  2 starspawn tentacles (Abyss:2)
  3 tentacles (Shoals:4)
18 creatures vanquished.

Grand Total: 1649 creatures vanquished

Notes
Turn   | Place    | Note
-------+----------+-------------------------------------------
     0 | D:1      | arthad the Vine Stalker Berserker began the quest for the
                  | Orb.
     0 | D:1      | Reached XP level 1. HP: 11/11 MP: 2/2
   114 | D:1      | Reached XP level 2. HP: 16/16 MP: 3/3
   273 | D:1      | Reached XP level 3. HP: 20/20 MP: 4/4
   333 | D:1      | Reached ** piety under Trog
   397 | D:1      | Reached skill level 1 in Stealth
   966 | D:2      | Found the +5 moon troll leather armour {Spirit, Regen++
                  | MP+5}
  1127 | D:2      | Found Gujeuseh's Armour Shop.
  1159 | D:2      | Found a faded altar of an unknown god.
  1167 | D:2      | Got a moldy book
  1402 | D:2      | You fall into a shaft and drop 2 floors!
  1409 | D:3      | Noticed Robin
  1414 | D:3      | Reached XP level 4. HP: 24/24 MP: 5/5
  1417 | D:3      | Reached *** piety under Trog
  1424 | D:3      | Killed Robin
  1546 | D:3      | Found a basalt altar of Yredelemnul.
  1964 | D:3      | Found a snail-covered altar of Cheibriados.
  2076 | D:4      | Reached XP level 5. HP: 28/28 MP: 6/6
  2078 | D:4      | Found a broken altar of Ashenzari.
  2147 | D:4      | Found a runed translucent gate.
  2147 | D:4      | Found a runed translucent gate.
  2147 | D:4      | Found a runed translucent gate.
  2195 | D:4      | Noticed Age's ghost (weakling MiHu)
  2225 | D:4      | Found a staircase to the Ecumenical Temple.
  2241 | D:4      | Reached XP level 6. HP: 33/33 MP: 7/7
  2654 | D:5      | Entered Level 5 of the Dungeon
  2654 | D:5      | Noticed an ice beast
  2665 | D:5      | Killed an ice beast
  2692 | D:5      | Noticed a water moccasin
  2693 | D:5      | Noticed Edmund
  2694 | D:5      | Killed a water moccasin
  2695 | D:5      | Reached XP level 7. HP: 38/38 MP: 8/8
  2698 | D:5      | Killed Edmund
  2718 | D:5      | Found an opulent altar of Gozag.
  2718 | D:5      | Found a sacrificial altar of Ru.
  2883 | D:5      | Found a glowing drain.
  2887 | Sewer    | Entered a sewer
  3013 | Sewer    | Reached skill level 5 in Fighting
  3013 | Sewer    | Reached skill level 5 in Axes
  3013 | Sewer    | Gained mutation: You have razor-sharp teeth. [Vine Stalker
                  | growth]
  3013 | Sewer    | Reached XP level 8. HP: 39/43 MP: 9/9
  3192 | Sewer    | Reached **** piety under Trog
  3846 | D:5      | Noticed Menkaure
  3849 | D:5      | Killed Menkaure
  3850 | D:5      | Reached skill level 5 in Stealth
  3992 | D:6      | Reached XP level 9. HP: 48/48 MP: 10/10
  4422 | D:6      | Found an ancient bone altar of Kikubaaqudgha.
  4500 | D:7      | Found a shadowy altar of Dithmenos.
  4686 | D:7      | Reached ***** piety under Trog
  4982 | D:7      | Found a sparkling altar of Nemelex Xobeh.
  5028 | D:8      | Noticed a rime drake
  5030 | D:8      | Noticed a polar bear
  5042 | D:8      | Killed a rime drake
  5053 | D:8      | Killed a polar bear
  5055 | D:8      | Reached XP level 10. HP: 55/55 MP: 5/11
  5117 | D:8      | Noticed a two-headed ogre
  5131 | D:8      | Killed a two-headed ogre
  5150 | D:8      | Reached skill level 5 in Armour
  5159 | D:8      | Found a staircase to the Lair.
  5164 | D:8      | Reached skill level 5 in Dodging
  5395 | D:8      | Noticed Erica
  5411 | D:8      | Killed Erica
  5466 | D:8      | Found a runed translucent door.
  5467 | D:8      | Noticed beavisfan's ghost (novice FeCK)
  5572 | D:8      | Found a burning altar of Makhleb.
  5572 | D:8      | Found a glowing silver altar of Zin.
  5573 | D:8      | Noticed an angel
  5573 | D:8      | Noticed a green death
  5600 | D:8      | Noticed a two-headed ogre
  5740 | D:8      | Killed a two-headed ogre
  5893 | D:9      | Found a hide-covered altar of Uskayaw.
  5970 | D:9      | Paralysed by a hornet for 2 turns
  6088 | D:9      | Reached XP level 11. HP: 60/60 MP: 12/12
  6608 | D:10     | Entered Level 10 of the Dungeon
  6614 | D:10     | Found Muun Joc's Weapon Shoppe.
  6749 | D:10     | Noticed Joseph
  6758 | D:10     | Killed Joseph
  6921 | D:10     | Found an ornate altar of the Wu Jian Council.
  6952 | D:10     | Identified the +4 sling "Bang" {heavy, Str+3}
  7031 | D:10     | Noticed Sonja
  7175 | D:10     | Killed Sonja
  7247 | D:10     | Found a portal to a secret trove of treasure.
  7378 | D:11     | Noticed a boulder beetle
  7411 | D:11     | Found Fagruy Wutu's Distillery.
  7473 | D:11     | Noticed Grum
  7483 | D:11     | Reached skill level 1 in Shields
  7485 | D:11     | Killed Grum
  7517 | D:11     | Noticed a boulder beetle
  7532 | D:11     | Killed a boulder beetle
  7533 | D:11     | Reached skill level 1 in Throwing
  7606 | D:11     | Identified the +1 demon trident "Coxeohir" {flame, rF+}
                  | (Trog gifted it to you on level 11 of the Dungeon)
  7606 | D:11     | Received a gift from Trog
  7734 | D:11     | Noticed a skeletal warrior
  7734 | D:11     | Noticed a skeletal warrior
  7787 | D:11     | Reached skill level 1 in Evocations
  7853 | D:11     | Killed a boulder beetle
  7887 | D:11     | Noticed a skeletal warrior
  7936 | D:10     | Killed a skeletal warrior
  8064 | D:12     | Noticed a deep elf pyromancer
  8074 | D:12     | Killed a deep elf pyromancer
  8075 | D:12     | Reached XP level 12. HP: 65/67 MP: 13/13
  8107 | D:12     | Noticed a two-headed ogre
  8113 | D:12     | Killed a two-headed ogre
  8174 | D:12     | Noticed a two-headed ogre
  8186 | D:12     | Killed a two-headed ogre
  8675 | D:12     | Found a staircase to the Orcish Mines.
  8957 | D:12     | Noticed a boulder beetle
  9010 | D:12     | Killed a boulder beetle
  9011 | D:12     | Reached skill level 10 in Fighting
  9444 | D:13     | Received a gift from Trog
  9482 | D:13     | Found a shadowy altar of Dithmenos.
  9604 | D:13     | Noticed an eight-headed hydra
  9610 | D:13     | Killed a five-headed hydra
  9611 | D:13     | Reached skill level 10 in Axes
  9621 | D:13     | Noticed Kirke
  9634 | D:13     | Killed Kirke
  9834 | D:13     | Noticed a two-headed ogre
  9839 | D:13     | Noticed an ogre mage
  9844 | D:13     | Noticed a vault guard
  9845 | D:13     | Killed an ogre mage
  9851 | D:13     | Killed a two-headed ogre
  9852 | D:13     | Reached XP level 13. HP: 71/72 MP: 14/14
  9874 | D:13     | Killed a vault guard
  9888 | D:13     | Reached skill level 10 in Stealth
  9915 | D:13     | Found a gate to the Vaults.
  9985 | D:13     | Reached skill level 5 in Shields
 10550 | Lair:1   | Entered Level 1 of the Lair of Beasts
 10617 | Lair:1   | Found a frozen archway.
 10645 | IceCv    | Entered an ice cave
 10671 | IceCv    | Received a gift from Trog
 10680 | IceCv    | Reached ****** piety under Trog
 11118 | IceCv    | Noticed a frost giant
 11133 | IceCv    | Killed a frost giant
 11424 | Lair:1   | Found an iron altar of Okawaru.
 12032 | Lair:2   | Reached XP level 14. HP: 79/79 MP: 15/15
 12043 | Lair:2   | Found a staircase to the Shoals.
 13130 | Lair:3   | Found a gate leading to a gauntlet.
 13139 | Gauntlet | Entered a Gauntlet
 13139 | Gauntlet | Found a runed translucent door.
 13139 | Gauntlet | Found a transporter.
 13139 | Gauntlet | Found a runed translucent door.
 13139 | Gauntlet | Found a transporter.
 13158 | Gauntlet | Found a transporter.
 13161 | Gauntlet | Found a transporter.
 13169 | Gauntlet | Found a transporter.
 13173 | Gauntlet | Found a transporter.
 13184 | Gauntlet | Found a transporter.
 13197 | Gauntlet | Found a transporter.
 13212 | Gauntlet | Found a transporter.
 13216 | Gauntlet | Found a transporter.
 13224 | Gauntlet | Found a transporter.
 13228 | Gauntlet | Found a transporter.
 13636 | Gauntlet | Identified the +9 tower shield "Doell" {Str+2}
 13657 | Gauntlet | HP: 2/53 [minotaur/+0 morningstar of draining (6)]
 13659 | Gauntlet | Reached skill level 5 in Throwing
 13695 | Gauntlet | Identified the +0 ring mail "Pooxkaic" {+Inv Fly Str+2
                  | Dex-4}
 13705 | Gauntlet | Identified a scroll of acquirement
 13705 | Gauntlet | Acquired a manual of Throwing
 13897 | Lair:3   | Noticed Josephine
 13906 | Lair:3   | Killed Josephine
 13948 | Lair:3   | Found a staircase to the Snake Pit.
 14246 | Lair:3   | Received a gift from Trog
 14885 | Lair:4   | Reached skill level 5 in Evocations
 15164 | Lair:4   | Found a staircase to the Slime Pits.
 15164 | Lair:4   | Found a viscous altar of Jiyva.
 15858 | Lair:5   | Entered Level 5 of the Lair of Beasts
 15863 | Lair:5   | Reached XP level 15. HP: 58/84 MP: 16/16
 16506 | Lair:5   | Received a gift from Trog
 17062 | Lair:5   | Found a runed translucent door.
 17102 | Lair:5   | Paralysed by a hornet for 2 turns
 17680 | Orc:1    | Entered Level 1 of the Orcish Mines
 17775 | Orc:2    | Entered Level 2 of the Orcish Mines
 17921 | Orc:2    | Paralysed by something for 3 turns
 18199 | Orc:2    | Found Suer's Book Boutique.
 18199 | Orc:2    | Found Lyurr's Antique Armour Emporium.
 18203 | Orc:2    | Found Patt's Weapon Boutique.
 18203 | Orc:2    | Found Qobb's Jewellery Shoppe.
 18210 | Orc:2    | Found a staircase to the Elven Halls.
 18230 | Orc:2    | Received a gift from Trog
 18276 | Orc:2    | Bought a slimy scarf for 270 gold pieces
 18276 | Orc:2    | Identified the scarf of Inyungal {+Inv, -Cast Rampage Dex+7
                  | Slay+5} (You bought it in a shop on level 2 of the Orcish
                  | Mines)
 18280 | Orc:2    | Bought an amulet of reflection for 450 gold pieces
 18280 | Orc:2    | Bought the ring "Miludoul" {Contam rF+ rCorr Dex+6 SInv}
                  | for 624 gold pieces
 18331 | Orc:2    | Noticed Erolcha
 18340 | Orc:2    | Killed Erolcha
 18622 | Orc:1    | Noticed an orc warlord
 18637 | Orc:2    | Killed an orc warlord
 18729 | Orc:2    | Reached XP level 16. HP: 90/90 MP: 11/17
 18810 | Orc:1    | Received a gift from Trog
 18845 | Orc:1    | Found Irghozoy's Distillery.
 18851 | Orc:1    | Bought a potion of curing for 36 gold pieces
 19374 | Shoals:1 | Entered Level 1 of the Shoals
 20138 | Shoals:2 | Identified the +0 scale mail "Adawn" {Will+}
 20142 | Shoals:2 | Found Xiruvouw's Armour Emporium.
 20816 | Shoals:3 | Found Plog's Weapon Shop.
 20857 | Shoals:3 | Reached skill level 10 in Shields
 20925 | Shoals:3 | Received a gift from Trog
 21032 | Shoals:3 | Found Humu's Book Shoppe.
 21035 | Shoals:3 | Found Otejuda's Jewellery Boutique.
 21045 | Shoals:3 | Bought the amulet of Ingunat {Reflect rF+ Dex+3 SH+5} for
                  | 754 gold pieces
 21081 | Shoals:3 | Found Juidghe's Antique Weapon Shop.
 21233 | Shoals:3 | Found Xihok's Book Shoppe.
 21440 | D:8      | Killed beavisfan's ghost
 21561 | D:4      | Killed Age's ghost
 21766 | Snake:1  | Entered Level 1 of the Snake Pit
 21775 | Snake:1  | Noticed Aizul
 21788 | Snake:1  | Killed Aizul
 21834 | Snake:1  | Noticed Jorgrun
 21843 | Snake:1  | Killed Jorgrun
 21951 | Snake:1  | Reached XP level 17. HP: 76/96 MP: 10/18
 22110 | Snake:1  | Found Pekk's Book Emporium.
 22114 | Snake:1  | Found Nyxiadel's Weapon Shoppe.
 22115 | Snake:1  | Found Bideot's Book Emporium.
 22319 | Snake:1  | Noticed Roxanne
 22335 | Snake:1  | Killed Roxanne
 22433 | Snake:2  | Noticed Nikola
 22436 | Snake:2  | Killed Nikola
 22543 | Snake:2  | Received a gift from Trog
 23044 | Snake:2  | Noticed Vashnia
 23057 | Snake:2  | Killed Vashnia
 23463 | Snake:3  | Reached skill level 10 in Throwing
 23705 | Snake:3  | Noticed Mara
 23727 | Snake:3  | Killed Mara
 23828 | Snake:3  | Noticed Louise
 23833 | Snake:3  | Killed Louise
 24163 | Snake:3  | Noticed Donald
 24172 | Snake:3  | Killed Donald
 24321 | Snake:4  | Entered Level 4 of the Snake Pit
 24666 | Snake:4  | Received a gift from Trog
 24748 | Snake:4  | Reached XP level 18. HP: 102/102 MP: 19/19
 25294 | Snake:4  | Acquired the +1 helmet "Raikhat" {Rampage Fly Dex+4}
 25364 | Snake:4  | Received a gift from Trog
 25384 | Snake:4  | Got a serpentine rune of Zot
 26157 | Shoals:4 | Entered Level 4 of the Shoals
 26231 | Shoals:4 | Identified the +0 pair of gloves of Hide-and-Seek {rPois
                  | rN+ Str+3}
 26432 | Shoals:4 | Reached skill level 15 in Fighting
 26482 | Shoals:4 | Found a runed translucent door.
 26491 | Shoals:4 | Noticed howech's ghost (adept MiBe)
 26499 | Shoals:4 | Reached skill level 10 in Dodging
 26501 | Shoals:4 | Reached skill level 10 in Armour
 26751 | Shoals:4 | Identified the staff of Karma {Int+3 Earth}
 26905 | Shoals:4 | Reached skill level 15 in Axes
 26955 | Shoals:4 | Got a barnacled rune of Zot
 27093 | Shoals:4 | Killed howech's ghost
 27413 | D:10     | You paid a toll of +2 fire dragon scales to enter a
                  | treasure trove
 27414 | Trove    | Entered a treasure trove
 27416 | Trove    | Found the dreamshard necklace {Acrobat *Dream}
 27421 | Trove    | Identified the ring of Ixitur {rC+ Will+ Dex+4}
 27423 | Trove    | Identified the ring "Plog" {rPois rC++ rN+ Str-2 Dex+4}
 27427 | Trove    | Identified the ring "Yzegyfil" {rN+ Will+ EV+5}
 27429 | Trove    | Identified the ring "Kuptaett" {rCorr Str+4 Int+6}
 27431 | Trove    | Identified the ring "Ziuxtofa" {rCorr AC+4 Str-4 Dex+3}
 27438 | Trove    | Identified the amulet "Zycut" {Spirit Slay+2}
 27440 | Trove    | Identified the amulet of Bodily Harmony {Spirit rPois rC+}
 27443 | Trove    | Identified the ring of Jech {rElec rC+ Will- Str-4 Dex+9}
 27444 | Trove    | Identified an amulet "Uckaoqy" {rPois Regen+}
 27446 | Trove    | Identified an amulet "Neojum" {rElec rPois rF- rN+ Regen+}
 27874 | D:14     | Received a gift from Trog
 27936 | D:14     | Identified the +0 ice dragon scales of the Shoals {rF- rC++
                  | rN+ Int+2}
 27975 | D:14     | Noticed Snorg
 27982 | D:14     | Killed Snorg
 28525 | D:15     | Entered Level 15 of the Dungeon
 28551 | D:15     | Reached XP level 19. HP: 108/108 MP: 20/20
 28584 | D:15     | Found a staircase to the Depths.
 28665 | D:15     | Noticed Nessos
 28675 | D:15     | Killed Nessos
 28764 | D:15     | Found a broken altar of Ashenzari.
 29339 | Vaults:1 | Entered Level 1 of the Vaults
 29440 | Vaults:1 | Found Quss's Distillery.
 29469 | Vaults:1 | Reached skill level 15 in Shields
 29487 | Vaults:1 | Received a gift from Trog
 29493 | Vaults:1 | Bought a potion of curing for 48 gold pieces
 29493 | Vaults:1 | Bought a potion of curing for 48 gold pieces
 30116 | Vaults:1 | Identified the +5 war axe "Roudacas" {flame, *Rage *Noise
                  | rPois rF+++} (Trog gifted it to you on level 1 of the
                  | Vaults)
 30116 | Vaults:1 | Received a gift from Trog
 30346 | Vaults:1 | Identified the staff "Mialor" {Fragile rElec rPois rN+
                  | Dex+4 Necro}
 30526 | Vaults:2 | Reached XP level 20. HP: 81/114 MP: 19/21
 31225 | Abyss:2  | Cast into level 2 of the Abyss (a wizard)
 31242 | Abyss:2  | Received a gift from Trog
 31250 | Abyss:2  | Found a corrupted altar of Lugonu.
 31352 | Abyss:2  | Found a corrupted altar of Lugonu.
 31352 | Abyss:2  | Found a corrupted altar of Lugonu.
 31352 | Abyss:2  | Found a corrupted altar of Lugonu.
 31788 | Vaults:2 | Escaped the Abyss
 31812 | Vaults:2 | Found a staircase to the Crypt.
 32397 | Vaults:3 | Received a gift from Trog
 32951 | Vaults:3 | Found Elyinam's Weapon Boutique.
 33100 | Vaults:4 | Reached XP level 21. HP: 121/121 MP: 22/22
 33511 | Vaults:4 | Received a gift from Trog
 34188 | Vaults:5 | Entered Level 5 of the Vaults
 34441 | Vaults:5 | Noticed a golden dragon
 34442 | Vaults:5 | Received a gift from Trog
 34539 | Vaults:4 | Killed a golden dragon
 34554 | Vaults:5 | Noticed an ancient lich
 34554 | Vaults:5 | Identified the ring "Sabei" {Dex+3 SInv}
 34555 | Vaults:5 | Noticed a dread lich
 34563 | Vaults:4 | an emperor scorpion changed into a caustic shrike
 34563 | Vaults:4 | Noticed a caustic shrike (glowing shapeshifter)
 34564 | Vaults:4 | Killed a caustic shrike
 34580 | Vaults:5 | Noticed a golden dragon
 34580 | Vaults:5 | Noticed a golden dragon
 34622 | Vaults:4 | HP: 1/121 [ironbound preserver/+0 flail (8)]
 34637 | Vaults:4 | Killed a dread lich
 34638 | Vaults:4 | Reached XP level 22. HP: 18/127 MP: 8/23
 34733 | Vaults:5 | Identified the +6 scale mail "Peecwed" {*Corrode rF+ Int+4}
 34747 | Vaults:5 | Killed a golden dragon
 34748 | Vaults:5 | Killed a golden dragon
 34750 | Vaults:5 | Killed an ancient lich
 34750 | Vaults:5 | Noticed an ancient lich
 34769 | Vaults:4 | Killed an ancient lich
 35043 | Elf:1    | Entered Level 1 of the Elven Halls
 35102 | Elf:1    | Identified the +3 war axe "Ihatagh" {heavy, rCorr} (Trog
                  | gifted it to you on level 1 of the Elven Halls)
 35102 | Elf:1    | Received a gift from Trog
 35124 | Elf:1    | Noticed Norris
 35132 | Elf:1    | Killed Norris
 35164 | Elf:1    | Found Vusu's Book Emporium.
 35232 | Elf:1    | Found Onlowa's Magic Scroll Shoppe.
 35238 | Elf:1    | Bought a scroll of fear for 60 gold pieces
 35238 | Elf:1    | Bought a scroll of blinking for 112 gold pieces
 35666 | Elf:2    | Identified the +7 broad axe "Nepnyxzi" {flame, rF+} (Trog
                  | gifted it to you on level 2 of the Elven Halls)
 35666 | Elf:2    | Received a gift from Trog
 35868 | Elf:2    | Found a runed translucent door.
 35905 | Elf:2    | Found a runed translucent door.
 36140 | Elf:2    | Received a gift from Trog
 36498 | Elf:3    | Entered Level 3 of the Elven Halls
 36518 | Elf:3    | Found Esyuxyon's Antique Armour Emporium.
 36520 | Elf:3    | Found Liavva's Weapon Shoppe.
 36520 | Elf:3    | Found Nakaitw Jena's Weapon Emporium.
 36523 | Elf:3    | Found Qesminie's Distillery.
 36541 | Elf:3    | Bought a potion of curing for 39 gold pieces
 36541 | Elf:3    | Bought a potion of might for 52 gold pieces
 36541 | Elf:3    | Bought a potion of might for 52 gold pieces
 36541 | Elf:3    | Bought a potion of magic for 104 gold pieces
 36541 | Elf:3    | Bought a potion of resistance for 130 gold pieces
 36541 | Elf:3    | Bought a potion of haste for 130 gold pieces
 36773 | Elf:3    | Reached XP level 23. HP: 133/133 MP: 24/24
 36804 | Elf:3    | Received a gift from Trog
 36974 | Elf:3    | Received a gift from Trog
 37106 | Elf:3    | Found the +7 Kryia's mail coat {PotionHeal*2 rC+}
 37123 | Elf:3    | Identified the staff of Wounding {rElec rPois rF+++ Will+
                  | Str-2 Air}
 37129 | Elf:3    | Got a fusty book
 37139 | Elf:3    | Identified the +1 morningstar of Okawaru's Envy {spect,
                  | rPois Str+3}
 37155 | Elf:3    | Identified the +4 chain mail of the Furies {rPois}
 37161 | Elf:3    | Identified the +0 ring mail of Pathos {Slay+3}
 37163 | Elf:3    | Identified the +4 spear of Iduleurch {antimagic, Str-5
                  | Int-3 Dex+6 SInv}
 37167 | Elf:3    | Identified the +5 triple sword of Spite {heavy, rCorr}
 37169 | Elf:3    | Identified the ring "Soterium" {Will+ AC+4 Str-2 Int+4}
 37178 | Elf:3    | Identified the ring "Xonowoju" {EV+5 Int+7}
 37605 | Elf:3    | Reached skill level 15 in Throwing
 37621 | Elf:3    | Found a bloodstained altar of Trog.
 37988 | Slime:1  | Entered Level 1 of the Pits of Slime
 38013 | Slime:1  | Gained mutation: You are dopey. (Int -2) [a shining eye]
 38014 | Slime:1  | Gained mutation: You are clumsy. (Dex -2) [a shining eye]
 38014 | Slime:1  | Gained mutation: Armour fits poorly on your strangely
                  | shaped body. [a shining eye]
 38029 | Slime:2  | Noticed Dissolution
 38037 | Slime:2  | Paralysed by a floating eye for 2 turns
 38046 | Slime:2  | Paralysed by a floating eye for 2 turns
 38052 | Slime:2  | Killed Dissolution
 38074 | Slime:3  | Gained mutation: You are frail. (-10% HP) [a shining eye]
 38074 | Slime:3  | Gained mutation: You sometimes lose your temper in combat.
                  | [a shining eye]
 38076 | Slime:3  | Gained mutation: You are very frail. (-20% HP) [a shining
                  | eye]
 38076 | Slime:3  | Paralysed by a floating eye for 3 turns
 38079 | Slime:3  | Slain by an azure jelly

Illustrated notes

Levels and vault maps discovered:
D:1:      ldierk_walled_garden_2, layout_basic, minmay_pentomino_q4
D:2:      layout_basic, shapermc_ecumenical_altar_rom_forum, serial_shops, shop
D:3:      layout_rooms, mainiacjoe_overflow_alcove_2, yredelemnul_altar_generic,
          uniq_robin
D:4:      layout_basic, marbit_many_paths, minmay_temple_entry_glass,
          gammafunk_ghost_icy
D:5:      layout_basic, mainiacjoe_overflow_large_starburst,
          gup_sewer_entry_bowl, grunt_ministairs_12, chequers_mini_garden,
          uniq_edmund, uniq_menkaure
D:6:      layout_basic, kennysheep_vampire_church
D:7:      layout_rooms, nemelex_dance_club_becter, kennysheep_little_box
D:8:      layout_loops_cross, grunt_temple_overflow_order_and_chaos_2,
          hellmonk_lair_entry_icy, ebering_ghost_inner_flame, uniq_erica
D:9:      layout_roguey, nicolae_uskayaw_murder_on_the_dancefloor
D:10:     layout_long_grid, mainiacjoe_overflow_small_starburst, enter_trove_2,
          serial_shops, nicolae_shop_bloodbath_and_beyond, uniq_sonja,
          uniq_joseph
D:11:     layout_stronghold, serial_shops, nicolae_shop_statue_plus, uniq_grum
D:12:     layout_basic, david_orc_2, serial_rivers,
          chequers_serial_rivers_micro_c, chequers_serial_rivers_small_3,
          chequers_serial_rivers_small_b, chequers_serial_rivers_small_3,
          chequers_serial_rivers_marsh, nicolae_titane
D:13:     layout_rooms, david_vaults_5, grunt_dithmenos_smoke_and_mirrors,
          uniq_kirke
D:14:     layout_basic, hangedman_abyss_or_decor_lesser_grid, uniq_snorg
D:15:     hangedman_depths_entry_civil_slaughter, layout_long_grid,
          cheibrodos_ashenzari_chains, uniq_nessos
Lair:1:   layout_regular_city, basic_altar, portal_ice_cave_entry_imps
Lair:2:   layout_layer_cave, nicolae_shoals_entry_roost,
          minmay_shattered_shrine, lemuel_fruit_tree, grunt_megastairs_1
Lair:3:   layout_cave_pods, guppyfry_snake_entry_garden, gauntlet_entry_generic,
          uniq_josephine
Lair:4:   layout_regular_city, slime_entry_1, st_stairs_7,
          infiniplex_staircase_pool_2, grunt_megastairs_5
Lair:5:   guppyfry_lair_end_dragon, layout_cave_pods, wormcave,
          grunt_megastairs_2
Shoals:1: layout_shoals
Shoals:2: layout_shoals, serial_shops, nicolae_shop_just_a_little_nook
Shoals:3: layout_shoals, serial_shops, shop, shop, nicolae_lakefront_shop,
          nicolae_shop_competitors_out_of_business, shop,
          nicolae_shoals_square_sea_wall
Shoals:4: shoals_end_hangedman, layout_shoals, hellmonk_ghost_happy_afterlife
Snake:1:  layout_honeycomb, minmay_shop_star, uniq_jorgrun, uniq_aizul,
          uniq_roxanne
Snake:2:  layout_grid_maze, grunt_ministairs_10,
          nicolae_snake_gridmaze_entwining, uniq_nikola, uniq_vashnia
Snake:3:  layout_concentric_octagons, uniq_louise, uniq_donald, uniq_mara
Snake:4:  snake_pit_salamanders_mu, layout_onion, nicolae_fountain_basement
Slime:1:  layout_caves
Slime:2:  layout_caves, uniq_dissolution
Slime:3:  layout_caves, nicolae_slime_getting_an_eyeful
Orc:1:    layout_caves, serial_shops, nicolae_square_shop
Orc:2:    st_orc_ogre_mass, layout_caves, roderic_batcave, uniq_erolcha
Elf:1:    layout_rooms, serial_shops, nicolae_shop_tiny_waterfront, shop,
          hangedman_elven_crosses_minicolossus, uniq_norris
Elf:2:    elven_hall_of_blades_hangedman_original
          [nicolae_blade_entry_splitting_headache], layout_geoelf_octagon,
          serial_glass, glass_columns_a, glass_columns_a, item_on_display_a,
          minmay_strange_pillars
Elf:3:    elf_hall, layout_loops_ring, evilmike_spriggan_trog_shrine,
          minmay_shoptagon
Vaults:1: v_misc_28, nicolae_vaults_heist, nicolae_vaults_wine_cellar,
          ontoclasm_vaults_eye, v_pattern_2, nicolae_vaults_oval_intersection,
          nicolae_vaults_gold_heap, vaults_room_stairs_pillars,
          nicolae_vaults_diagonal_hallway_9, dpeg_vaults_hating_casters,
          hangedman_vaults_nails, vaults_mumra_chevron,
          nicolae_vaults_little_squares_4, nicolae_vaults_two_Ls,
          nicolae_vaults_apartment_2, layout_vaults_maze_snakey, serial_shops,
          nicolae_shop_waterfront
Vaults:2: nicolae_vaults_sesquioval_fish, minmay_crypt_entry_simple_box,
          nicolae_vaults_hallways_thing, grunt_vaults_twisty,
          nicolae_vaults_closet_pinwheel_1, nicolae_vaults_house_2,
          nicolae_vaults_branching_niches, nicolae_vaults_tetromino_Z_1,
          vaults_standard_mumra_x, nicolae_vaults_shrinking_rooms_2,
          nicolae_vaults_shrinking_rooms_1, nicolae_vaults_double_plus_3,
          layout_vaults_omnigrid
Vaults:3: dpeg_vaults_monster_box, ontoclasm_vaults_ring_square,
          nicolae_vaults_turnstiles, v_misc_10,
          nicolae_vaults_offset_grid_hallway_2, nicolae_vaults_mitosis,
          vaults_room_grid, nicolae_vaults_house_3,
          nicolae_vaults_yaktaur_gun_rack, nicolae_vaults_sesquioval_fish,
          nicolae_vaults_storage_room_statues, layout_vaults_big_cross,
          serial_shops, shop
Vaults:4: vaults_room_corners, nicolae_vaults_closet_pinwheel_3, v_misc_4,
          vaults_room_pools, st_diamondy, nicolae_vaults_circle_grid_b,
          nicolae_vaults_offset_grid_hallway_4, nicolae_vaults_trapezoid_2,
          nicolae_vaults_little_ls, dpeg_vaults_monster_row,
          nicolae_vaults_storage_closets_3, vaults_room_pools,
          grunt_vaults_hallway_short, vaults_mumra_minichess_inversion,
          nicolae_vaults_trapezoid_2, serial_ice_g, layout_vaults_omnibox
Vaults:5: serial_shops

Skill      XL: |  1  2  3  4  5  6  7  8  9 10 11 12 13 14 15 16 17 18 19 20 21 22 23 |
---------------+----------------------------------------------------------------------+-----
Fighting       | 3 4 5 6 7 8 9 10 11 12 13 14 15 16 17 18 | 18.6
Axes           | 3 4 5 6 7 8 9 10 11 12 13 14 15 16 17 18 | 18.5
Stealth        | 1 2 3 4 5 6 7 9 10 11 | 11.0
Armour         | 2 3 4 5 6 7 8 9 10 11 12 | 12.4
Dodging        | 2 3 4 5 6 7 8 9 10 11 12 | 12.4
Shields        | 2 4 6 7 9 10 12 14 15 16 17 18 | 18.2
Throwing       | 1 3 4 6 7 9 10 11 13 14 15 | 15.0
Evocations     | 1 3 4 5 6 |  6.0

Action                     |  1- 3 |  4- 6 |  7- 9 | 10-12 | 13-15 | 16-18 | 19-21 | 22-24 || total
---------------------------+-------+-------+-------+-------+-------+-------+-------+-------++-------
  Melee: Hand axe          |   113 |   128 |   337 |   196 |       |       |       |       ||   774
         Bite              |    20 |    34 |   106 |   177 |   309 |   381 |   418 |   154 ||  1599
         War axe           |       |       |       |   261 |       |       |       |       ||   261
         Broad axe         |       |       |       |    33 |   860 |   866 |   831 |   356 ||  2946
  Throw: Javelin           |     2 |       |       |       |       |       |     5 |       ||     7
         Dart              |       |       |     9 |    33 |    35 |    52 |    10 |    29 ||   168
         Boomerang         |       |       |       |       |       |     1 |       |       ||     1
 Invoke: Berserk           |     1 |       |     2 |     4 |     5 |     4 |       |     1 ||    17
         Trog's Hand       |       |       |     2 |     1 |     6 |     6 |     2 |     4 ||    21
         Brothers in Arms  |       |       |       |       |       |     1 |       |       ||     1
  Evoke: Wand              |       |     5 |     4 |     6 |     2 |       |     2 |     1 ||    20
         Tin of tremorston |       |       |       |       |       |       |       |     1 ||     1
    Use: Scroll            |       |     8 |     2 |     8 |    21 |    10 |     5 |     5 ||    59
         Potion            |       |       |     1 |     1 |     4 |       |     1 |     2 ||     9
   Stab: Sleeping          |     2 |     3 |     7 |     8 |    24 |    44 |    41 |    18 ||   147
         Paralysed         |       |       |       |    13 |       |       |       |       ||    13
         Distracted        |       |       |       |     1 |       |    10 |    16 |     7 ||    34
         Held in net/web   |       |       |       |       |       |     1 |       |       ||     1
 Armour: Animal skin       |    54 |       |       |       |       |       |       |       ||    54
         Troll leather arm |     8 |    70 |   218 |   368 |   570 |   228 |   201 |    74 ||  1737
  Dodge: Dodged            |    63 |    71 |   177 |   258 |   439 |   253 |   271 |    81 ||  1613
  Block: Kite shield       |    29 |    61 |   119 |   218 |   205 |       |       |       ||   632
         Tower shield      |       |       |       |       |   627 |  1102 |  1113 |   325 ||  3167
         Reflection        |       |       |       |       |     1 |   116 |    44 |    63 ||   224

Table legend: (Time is in decaauts)
 A = Elapsed time spent in this place.
 B = Non-inter-level travel time spent in this place.
 C = Inter-level travel time spent in this place.
 D = Time resting spent in this place.
 E = Time spent auto-exploring this place.
 F = Levels seen in this place.
 G = Mean time per level.
                   A        B        C        D        E       F      G
               +--------+--------+--------+--------+--------+-----+--------+
         Total |  38881 |  35460 |   3421 |    959 |  24528 |  46 |  845.2 |
       Dungeon |  12803 |  11302 |   1501 |    349 |   7766 |  15 |  853.5 |
          Lair |   6245 |   5593 |    652 |     98 |   4240 |   5 | 1249.0 |
        Shoals |   3732 |   3415 |    317 |      0 |   2400 |   4 |  933.0 |
     Snake Pit |   3947 |   3649 |    298 |      7 |   2788 |   4 |  986.8 |
    Slime Pits |     80 |     80 |      0 |      2 |      1 |   3 |   26.7 |
  Orcish Mines |   1645 |   1406 |    239 |     86 |    838 |   2 |  822.5 |
   Elven Halls |   2604 |   2441 |    163 |     88 |   1661 |   3 |  868.0 |
        Vaults |   4915 |   4667 |    248 |    142 |   3363 |   5 |  983.0 |
         Abyss |    554 |    554 |      0 |     20 |    328 |   1 |  554.0 |
         Trove |     79 |     79 |      0 |      0 |     17 |   1 |   79.0 |
         Sewer |    888 |    888 |      0 |      0 |    565 |   1 |  888.0 |
      Ice Cave |    693 |    693 |      0 |     44 |    368 |   1 |  693.0 |
      Gauntlet |    692 |    692 |      0 |    121 |    192 |   1 |  692.0 |
               +--------+--------+--------+--------+--------+-----+--------+

Top non-repeatable levels by time:
    D:12: 1623 daAuts
Vaults:4: 1599 daAuts
  Lair:5: 1585 daAuts
Vaults:2: 1267 daAuts
 Snake:4: 1240 daAuts
  Lair:3: 1236 daAuts
  Lair:2: 1235 daAuts
   Orc:2: 1177 daAuts
   Elf:3: 1167 daAuts
  Lair:4: 1161 daAuts
 Snake:2: 1118 daAuts
     D:8: 1071 daAuts
Vaults:1: 1065 daAuts
Shoals:4: 1031 daAuts
  Lair:1: 1026 daAuts
